 Dungeon Crawl Stone Soup version 0.30-a0-377-g5cb311bc9f (webtiles) character file.

Game seed: 1177290496266531957

0 innerfire433 the Sneak (level 1, -1/16 (18) HPs)
             Began as a Demonspawn Delver on Nov 27, 2022.
             Slain by a necrophage (6 damage)
             ... on level 5 of the Dungeon.
             The game lasted 00:00:04 (11 turns).

innerfire433 the Sneak (Demonspawn Delver)            Turns: 11, Time: 00:00:04

HP:   -1/16 (18)    AC:  3    Str: 12    XL:     1   Next: 0%
MP:   1/1           EV: 11    Int: 11    God:
Gold: 0             SH:  0    Dex: 14    Spells: 0/0 levels left

rFire   . . .      SeeInvis .    a - +0 hand axe
rCold   . . .      Faith    .    (no shield)
rNeg    . . .      Spirit   .    b - +0 leather armour
rPois   .          Reflect  .    (no helmet)
rElec   .          Harm     .    (no cloak)
rCorr   .          Rampage  .    (no gloves)
Will    .....                    (no boots)
Stlth   ++........               (no amulet)
HPRegen 0.22/turn                (no ring)
MPRegen 0.07/turn                (no ring)

@: heavily drained
A: no striking features
a: no special abilities


You were on level 5 of the Dungeon.
You visited 1 branch of the dungeon, and saw 1 of its levels.

Inventory:

Hand Weapons
 a - a +0 hand axe (weapon)
Armour
 b - a +0 leather armour (worn)
Wands
 g - a wand of digging (3)
Scrolls
 c - a scroll of fog
 d - a scroll of magic mapping
 e - a scroll of fear
Potions
 f - a potion of haste


   Skills:
 + Level 3.0 Fighting
 + Level 1.7 Axes
 + Level 1.7 Dodging
 + Level 4.5 Stealth


You couldn't memorise any spells.
You didn't know any spells.
Your spell library was empty.

Dungeon Overview and Level Annotations

Branches:
Dungeon (5/15)
 Temple: D:4-7

Altars:


Message History

Welcome, innerfire433 the Demonspawn Delver.
Below lies the Orb of Zot, rumoured to be powerful enough to resurrect a god...
Press ? for a list of commands and other information.
Found 10 gold pieces.
Found a stone staircase leading down.
A necrophage and a quokka come into view.
There are monsters nearby!
The quokka barely misses you.
You closely miss the quokka. The quokka bites you.
The quokka barely misses you.
You hit the necrophage but do no damage.
You closely miss the quokka. The quokka closely misses you.
The necrophage hits you.
You feel drained.
You hit the necrophage but do no damage.
You closely miss the quokka. The quokka bites you.
The necrophage completely misses you. The quokka closely misses you.
You hit the necrophage.
The necrophage is lightly damaged.
You completely miss the quokka. The necrophage barely misses you.
The quokka completely misses you.
You hit the necrophage.
The necrophage is lightly damaged.
You hit the quokka. The necrophage hits you.
You feel drained.
The quokka bites you but does no damage.
The quokka misses you.
The necrophage hits you but does no damage.
You closely miss the quokka.
The quokka is severely wounded.
You hit the necrophage. The quokka misses you. The necrophage hits you.
* * * LOW HITPOINT WARNING * * *
You are too injured to fight recklessly!
You are too injured to fight recklessly!
You are too injured to fight recklessly!
You are too injured to fight recklessly!
You hit the quokka.
You kill the quokka!
You hit the necrophage but do no damage.
The necrophage hits you.
You die...

# #. .#
#..##########.#
#....n........####.
#.....@....>.......
########$....######
#.....# #.....#
#.....# #.....#
#######


You could see a necrophage.

Vanquished Creatures
  A quokka (D:5)
1 creature vanquished.

Vanquished Creatures (others)
  A plant (D:5)
1 creature vanquished.

Grand Total: 2 creatures vanquished

Notes
Turn   | Place    | Note
-------+----------+-------------------------------------------
     0 | D:5      | innerfire433 the Demonspawn Delver began the quest for the
                  | Orb.
     0 | D:5      | Reached XP level 1. HP: 18/18 MP: 1/1
     1 | D:5      | Noticed a necrophage
    11 | D:5      | Slain by a necrophage

Illustrated notes

Levels and vault maps discovered:
D:5:      kennysheep_kobold_camp, layout_rooms, minivault_25,
          chequers_serial_rivers_micro_a, serial_bayou_lagoon_a,
          uniq_prince_ribbit1

Action                   || total
-------------------------++-------
Melee: Hand axe          ||     7
Armor: Leather armour    ||     2
Dodge: Dodged            ||     9

Table legend: (Time is in decaauts)
 A = Elapsed time spent in this place.
 B = Non-inter-level travel time spent in this place.
 C = Inter-level travel time spent in this place.
 D = Time resting spent in this place.
 E = Time spent auto-exploring this place.
 F = Levels seen in this place.
 G = Mean time per level.
                   A        B        C        D        E       F      G
               +--------+--------+--------+--------+--------+-----+--------+
         Total |     12 |     12 |      0 |      0 |      1 |   1 |   12.0 |
       Dungeon |     12 |     12 |      0 |      0 |      1 |   1 |   12.0 |
               +--------+--------+--------+--------+--------+-----+--------+

Top non-repeatable levels by time:
     D:5: 12 daAuts
